 Dungeon Crawl Stone Soup version 0.31.0-9-g3a7656b989 (webtiles) character file.

Game seed: 9448951066520626125

57 qw the Shooter (level 3, 0/18 HPs)
             Began as a Spriggan Hunter on Feb 2, 2024.
             Succumbed to an adder's poison
             ... on level 2 of the Dungeon.
             The game lasted 00:00:03 (1064 turns).

qw the Shooter (Spriggan Hunter)                    Turns: 1064, Time: 00:00:04

Health: 0/18       AC:  2    Str:  7    XL:     3   Next: 73%
Magic:  4/4        EV: 19    Int: 10    God:
Gold:   78         SH:  0    Dex: 20    Spells: 2/2 levels left

rFire   . . .        a - +0 shortbow
rCold   . . .        (shield currently unavailable)
rNeg    . . .        c - +0 robe
rPois   .            (helmet restricted)
rElec   .            (no cloak)
rCorr   .            (gloves unavailable)
SInv    +            (boots unavailable)
Will    .....        (no amulet)
Stlth   ++           (no ring)
HPRegen 0.23/turn    (no ring)
MPRegen 0.09/turn

%: no passive effects
@: lethally poisoned (0 -> -2), very quick
A: very small, no large weapons, unfitting armour, see invisible, speed 3
a: no special abilities


You were on level 2 of the Dungeon.
You visited 1 branch of the dungeon, and saw 2 of its levels.

You collected 78 gold pieces.


Innate Abilities, Weirdness & Mutations

You are very small and have problems with some larger weapons.
You are too small for most types of armour.
You have supernaturally acute eyesight. (SInv)
You cover ground extremely quickly. (Speed+++)


   Skills:
 - Level 1.5 Fighting
 + Level 4.9 Ranged Weapons
 - Level 4.0 Dodging
 - Level 1.5 Stealth


You had 2 spell levels left.
You didn't know any spells.
Your spell library was empty.

Inventory:

Hand Weapons
 a - a +0 shortbow (weapon)
Armour
 c - a +0 robe (worn)
Scrolls
 b - a scroll of brand weapon {unknown}
 d - a scroll of identify
 h - a scroll of summoning {unknown}
Potions
 e - 2 potions of heal wounds {unknown}
 f - a potion of invisibility {unknown}
 g - a potion of attraction {unknown}
 j - a potion of mutation {unknown}

Dungeon Overview and Level Annotations

Branches:
Dungeon (2/15)

Altars:

Shops:
D:1 =


Message History

You shoot an arrow. The arrow closely misses the adder.
The adder closely misses you. x3
You shoot an arrow.
The arrow hits the adder but does no damage.
The adder is severely wounded.
The adder barely misses you. The adder closely misses you.
You shoot an arrow. The arrow hits the adder!
You kill the adder!
The adder barely misses you. The adder closely misses you.
You shoot an arrow. The arrow closely misses the adder.
The adder closely misses you.
You shoot an arrow. The arrow completely misses the adder.
The adder misses you. The adder completely misses you.
You shoot an arrow. The arrow closely misses the adder.
The adder completely misses you.
You shoot an arrow. The arrow hits the adder.
The adder is lightly wounded.
The adder barely misses you. The adder bites you.
You are poisoned.
The adder poisons you!
You shoot an arrow. The arrow closely misses the adder.
You feel sick. The adder bites you.
You are more poisoned.
The adder poisons you!
You shoot an arrow. The arrow barely misses the adder.
You feel very sick. The adder misses you. The adder bites you.
You shoot an arrow. The arrow closely misses the adder.
You feel sick. The adder closely misses you.
You shoot an arrow. The arrow hits the adder!
The adder is severely wounded.
You feel sick. The adder misses you. The adder bites you.
You shoot an arrow. The arrow hits the adder.
You kill the adder!
You feel sick.
There is a lethal amount of poison in your body!
You feel sick.
An endoplasm comes into view.
1064 ||| FLEEEEING.
You die...

.####### ...#.. ...
#....... ........##
..... ..######
#.......# #. # ###
# #....##### #
##.#.... ... #
#..#...##.# #
#......#..#### ##..
###..#.$........
....
.....#.%@#....<
##.. .
#............... ..
$....####...#......
.
....####....#......
##.?
.........####......
....
#####J....%.......
...#
#......######.#..
.### ###.#.#....#
.#..
.#####...#.##.#.#


You could see an endoplasm (wandering).

Vanquished Creatures
  2 adders (D:2)
  2 dart slugs
  4 bats
  3 endoplasms
  A giant cockroach (D:1)
  3 goblins (D:2)
  4 hobgoblins
  2 quokkas (D:1)
  5 ball pythons
  2 frilled lizards (D:1)
  3 kobolds
  5 rats
36 creatures vanquished.

Notes
Turn   | Place    | Note
-------+----------+-------------------------------------------
     0 | D:1      | qw the Spriggan Hunter began the quest for the Orb.
     0 | D:1      | Reached XP level 1. HP: 10/10 MP: 2/2
     0 | D:1      | 0 ||| qw: Version: 0.3-a-155-g5e7d8dd
     0 | D:1      | 0 ||| qw: Game counter: 1282
     0 | D:1      | 0 ||| qw: Melee chars always use a shield: true
     0 | D:1      | 0 ||| qw: God list: Okawaru
     0 | D:1      | 0 ||| qw: Allow faded altars: false
     0 | D:1      | 0 ||| qw: Do Orc after clearing Dungeon:15 true
     0 | D:1      | 0 ||| qw: Do second Lair branch before Depths: true
     0 | D:1      | 0 ||| qw: Lair rune preference: random
     0 | D:1      | 0 ||| qw: Goals: Normal
     0 | D:1      | 0 ||| PLANNING D:1-11
   116 | D:1      | Reached skill level 3 in Dodging
   241 | D:1      | Found Zircho's Jewellery Emporium.
   246 | D:1      | 246 ||| SHOPLISTING +4 ring of protection (504 gold, have
                  | 21).
   246 | D:1      | 246 ||| SHOPLISTING +6 ring of strength (504 gold, have
                  | 21).
   246 | D:1      | 246 ||| SHOPLISTING amulet of the acrobat (420 gold, have
                  | 21).
   246 | D:1      | 246 ||| SHOPLISTING ring of ice (350 gold, have 21).
   246 | D:1      | 246 ||| SHOPLISTING ring of positive energy (280 gold, have
                  | 21).
   246 | D:1      | 246 ||| SHOPLISTING ring of resist corrosion (280 gold,
                  | have 21).
   263 | D:1      | Reached XP level 2. HP: 14/14 MP: 3/3
   771 | D:1      | 771 ||| READING scroll labelled SATRYO DOASY.
   772 | D:1      | 772 ||| READING scroll labelled USUNEP ABBEQA.
   773 | D:1      | 773 ||| READING scroll labelled IPPASSUNEH.
   778 | D:1      | 778 ||| READING scroll labelled LOCEIP MAECVI.
   778 | D:1      | 778 ||| IDENTIFYING emerald potion
   779 | D:1      | 779 ||| READING scroll labelled EZIEQE NOL BEM.
   780 | D:1      | 780 ||| DROPPING scroll of butterflies.
   781 | D:1      | 781 ||| DROPPING potion of lignification.
   858 | D:2      | Reached XP level 3. HP: 17/18 MP: 4/4
  1061 | D:2      | HP: 3/18 [adder (2)]
  1063 | D:2      | HP: 1/18 [poisoned by an adder]
  1064 | D:2      | 1064 ||| FLEEEEING.
  1064 | D:2      | Succumbed to an adder's poison

Levels and vault maps discovered:
D:1:      spicycebolla_arrival_xxxplode, layout_loops_ring, serial_shops,
          nicolae_shop_hallway_stairs
D:2:      layout_rooms, minmay_circle_x, uniq_crazy_yiuf_cottage

Skill      XL: |  1  2 |
---------------+-------+-----
Dodging        | 3 4 |  4.0
Fighting       | |  1.5
Ranged Weapons | |  4.9
Stealth        | |  1.5

Action                     || total
---------------------------++-------
   Fire: Shortbow          ||   105
    Use: Scroll            ||     5
 Armour: Robe              ||    22
  Dodge: Dodged            ||    56

Table legend:
 A = Non-vault XP
 B = Vault XP
 C = Vault XP percentage of total XP
 D = Non-vault monster count
 E = Vault monster count
 F = Vault count percentage of total count
                 A         B        C        D         E       F
            +---------+---------+-------+---------+---------+-------
      Total |      75 |       7 |   8.5 |      32 |       4 |  11.1
            +---------+---------+-------+---------+---------+-------
        D:1 |      32 |       0 |   0.0 |      20 |       0 |   0.0
        D:2 |      43 |       7 |  14.0 |      12 |       4 |  25.0
            +---------+---------+-------+---------+---------+-------
